 Dungeon Crawl Stone Soup version 0.19-a0-1127-gac58878 (webtiles) character file.

143 JustSomeDude the Ducker (level 5, 0/49 HPs)
             Began as a Demonspawn Monk on Aug 12, 2016.
             Slain by a centaur (9 damage)
             ... on level 5 of the Dungeon.
             The game lasted 00:08:11 (3072 turns).

JustSomeDude the Ducker (Demonspawn Monk)           Turns: 3072, Time: 00:08:13

Health: 0/49       AC:  5    Str: 11 (13) XL:     5   Next: 4%
Magic:  5/5        EV: 19    Int:  9 (11) God:
Gold:   145        SH:  0    Dex: 23 (24) Spells: 0 memorised, 4 levels left

rFire  . . .     SeeInvis .     k - +0 short sword
rCold  . . .     Gourm    .     h - +1 leather armour
rNeg   . . .     Faith    .     (no shield)
rPois  .         Spirit   .     (no helmet)
rElec  .         Dismiss  .     (no cloak)
rCorr  .         Reflect  .     r - +0 pair of gloves
SustAt .         Harm     .     (no boots)
MR     +....                    (no amulet)
Stlth  ++++......               (no ring)
                                (no ring)

@: agile, very slightly contaminated, hasted, very quick
A: talons 1, thin skeletal structure 2, magic resistance 1, robust 2
a: no special abilities


You were on level 5 of the Dungeon.
You were hungry.

You visited 1 branch of the dungeon, and saw 5 of its levels.

You collected 145 gold pieces.

Inventory:

Hand Weapons
 k - a +0 short sword (weapon)
 v - a +2 trident of piercing
Armour
 h - a +1 leather armour (worn)
 r - a +0 pair of gloves (worn)
Wands
 t - a wand of polymorph (14/24)
Scrolls
 b - a scroll of enchant armour
 d - a scroll of teleportation {unknown}
 i - a scroll of blinking
 j - 6 scrolls of identify {unknown}
 n - a scroll of noise {unknown}
 p - 2 scrolls of remove curse {unknown}
 q - a scroll of fear {unknown}
 u - a scroll of recharging {unknown}
Comestibles
 a - a royal jelly
 c - 3 bread rations
 f - 2 beef jerkies
 g - 4 meat rations


   Skills:
 + Level 3.6 Fighting
 * Level 1.1 Short Blades
 - Level 2.9 Polearms
 + Level 0.8 Armour
 + Level 3.8 Dodging
 * Level 2.7 Stealth


You had 4 spell levels left.
You didn't know any spells.

Dungeon Overview and Level Annotations

Branches:
Dungeon (5/15)
 Temple: D:4-7

Altars:
Kikubaaqudgha
Ru

Annotations:
D:4 Menkaure, Robin


Innate Abilities, Weirdness & Mutations

You have sharp toenails.
You have a moderately thin skeletal structure. (Dex +4, Stealth+)
You are resistant to hostile enchantments. (MR+)
You are very robust. (+20% HP)


Message History

You hit the centaur but do no damage.
The centaur is heavily wounded.
The centaur completely misses you.
You hit the centaur but do no damage. You claw the centaur, but do no damage.
The centaur is heavily wounded.
The centaur hits you.
* * * LOW HITPOINT WARNING * * *
The centaur completely misses you.
You hit the centaur but do no damage. You claw the centaur, but do no damage.
The centaur is heavily wounded.
You hit the centaur. Your kick misses the centaur.
The centaur is severely wounded.
The centaur completely misses you.
You hit the centaur. You claw the centaur, but do no damage.
The centaur is severely wounded.
The centaur barely misses you.
You hit the centaur. You claw the centaur, but do no damage.
The centaur is almost dead.
The centaur hits you!
You die...

. ..........# .# ...
.....# .# ... ....# ..#
#.# #...# ..# ### #.#
#...#...#
..#####.####...#...###
......................
#.#####.######.#########
#... ...........@.......
........#####.###c######
######### #....# ...
#.#.(# #### #.#........c
# #.##.##### #.. .# ###
#


You could see a centaur.

Vanquished Creatures
  A scorpion (D:4)
  3 adders
  2 worms
  4 giant geckos
  An orc (D:3)
  2 giant cockroaches (D:1)
  8 goblins
  9 hobgoblins
  7 kobolds
  A quokka (D:4)
  4 bats
  7 giant newts
  A jackal zombie (D:5)
  7 rats
57 creatures vanquished.

Notes
Turn   | Place    | Note
-------+----------+-------------------------------------------
     0 | D:1      | JustSomeDude the Demonspawn Monk began the quest for the Orb.
     0 | D:1      | Reached XP level 1. HP: 18/18 MP: 1/1
   162 | D:1      | Gained mutation: You have a somewhat thin skeletal structure. (Dex +2, Stealth) [demonic ancestry]
   162 | D:1      | Reached XP level 2. HP: 22/24 MP: 2/2
   897 | D:1      | Gained mutation: You have a moderately thin skeletal structure. (Dex +4, Stealth+) [demonic ancestry]
   897 | D:1      | Reached XP level 3. HP: 26/29 MP: 3/3
  2124 | D:3      | Reached XP level 4. HP: 35/35 MP: 4/4
  2527 | D:4      | Noticed Menkaure
  2552 | D:4      | Found a sacrificial altar of Ru.
  2691 | D:4      | Reached skill level 1 in Short Blades
  2691 | D:4      | Gained mutation: You have sharp toenails. [demonic ancestry]
  2691 | D:4      | Reached XP level 5. HP: 17/41 MP: 5/5
  2895 | D:4      | Found an ancient bone altar of Kikubaaqudgha.
  2967 | D:4      | Noticed Robin
  3024 | D:5      | Entered Level 5 of the Dungeon
  3047 | D:5      | Noticed a centaur
  3055 | D:5      | Gained mutation: You are resistant to hostile enchantments. (MR+) [potion of mutation]
  3055 | D:5      | Gained mutation: You are robust. (+10% HP) [potion of mutation]
  3055 | D:5      | Gained mutation: You are very robust. (+20% HP) [potion of mutation]
  3072 | D:5      | Slain by a centaur

Vault maps used:
D:1:      lightli_arrival_lavapool, serial_forest, infiniplex_forest_straight_2,
          infiniplex_forest_lined_corner, infiniplex_forest_clump_tiny,
          infiniplex_forest_clump_diagonal, infiniplex_forest_lined_2,
          infiniplex_forest_lined_room_2, infiniplex_forest_lined_room_2,
          minmay_pentomino_v4
D:3:      first_bread, serial_forest, infiniplex_forest_end_2,
          infiniplex_forest_clump_tiny, infiniplex_forest_lined_room_,
          infiniplex_forest_zigzag_2, infiniplex_forest_lined_room_2,
          infiniplex_forest_clump_tiny, infiniplex_forest_lined_1
D:4:      lemuel_coloured_pillars_altar, nicolae_ru_sacrificial_ziggurat,
          minivault_14, uniq_robin, uniq_menkaure
D:5:      gammafunk_temple_overflow_claw, uniq_grinder

Skill      XL: |  1  2  3  4 |
---------------+-------------+-----
Dodging        | 3 |  3.8
Stealth        | 2 |  2.7
Short Blades   | 1 |  1.1
Fighting       | |  3.6
Polearms       | |  2.9
Armour         | |  0.8

Action                   |  1- 3 |  4- 6 || total
-------------------------+-------+-------++-------
Melee: Spear             |   117 |       ||   117
       Short sword       |    62 |    88 ||   150
       Kick              |       |    11 ||    11
  Use: Potion            |       |     7 ||     7
       Scroll            |       |     2 ||     2
 Stab: Sleeping          |    16 |     4 ||    20
  Eat: Bread ration      |     1 |       ||     1
       Chunk             |       |     2 ||     2
Armor: Robe              |     6 |       ||     6
       Leather armour    |     7 |    17 ||    24
Dodge: Dodged            |    95 |    71 ||   166
